 Dungeon Crawl Stone Soup version 0.27.1 (webtiles) character file.

Game seed: 9059338437800589973

1584 Backf1st the Slinger (level 8, -3/69 HPs)
             Began as a Deep Dwarf Hunter on Aug 29, 2021.
             Was an Initiate of Elyvilon.
             Shot with an arrow by a centaur (5 damage)
             ... on level 9 of the Dungeon.
             The game lasted 00:36:23 (7698 turns).

Backf1st the Slinger (Deep Dwarf Hunter)            Turns: 7698, Time: 00:36:24

Health: -3/69      AC:  6    Str: 16      XL:     8   Next: 61%
Magic:  2/2        EV: 13    Int: 11 (12) God:    Elyvilon [......]
Gold:   144        SH:  0    Dex: 14 (15) Spells: 7/7 levels left

rFire    + . .     SeeInvis .   y - +9 arbalest "Duguvoc" {venom, *Slow rElec rF+}
rCold    . . .     Faith    .   (shield currently unavailable)
rNeg     . . .     Spirit   .   (no armour)
rPois    .         Reflect  .   o - +0 helmet
rElec    +         Harm     .   r - +0 cloak
rCorr    .         Rampage  .   i - +0 pair of gloves
Will     +....                  g - +0 pair of boots
Stlth    +++.......             (no amulet)
HPRegen  0.00/turn              (no ring)
MPRegen  0.08/turn              (no ring)

@: no status effects
A: damage resistance, heal wounds, sense surroundings 1, no regeneration,
iridescent scales 1, deterioration 1, subdued magic 1
a: Heal Wounds, Renounce Religion


You were on level 9 of the Dungeon.
You worshipped Elyvilon.
Elyvilon was noncommittal.
You visited 2 branches of the dungeon, and saw 8 of its levels.

You collected 144 gold pieces.

Inventory:

Hand Weapons
 a - a +1 hunting sling of freezing
 b - a +0 short sword
 e - a +0 glaive
 f - a +2 dagger of draining
 l - a +0 hand crossbow
 s - a +0 flail
 t - a +2 antimagic dagger
 x - a +0 short sword
 y - the +9 arbalest "Duguvoc" (weapon) {venom, *Slow rElec rF+}
   (You found it on level 5 of the Dungeon)

   Any ammunition fired from it poisons the flesh of those it strikes.
   rF:        It protects you from fire.
   rElec:     It insulates you from electricity.
   *Slow:     It may slow you when you take damage.
 G - a +3 dagger
Missiles
 d - 53 sling bullets
 k - 5 atropa-tipped darts
 m - 92 stones
 n - 37 bolts (quivered ammo)
 u - 2 javelins
 z - a throwing net
Armour
 c - a +0 leather armour
 g - a +0 pair of boots (worn)
 i - a +0 pair of gloves (worn)
 j - a +0 chain mail
 o - a +0 helmet (worn)
 r - a +0 cloak (worn)
 v - a +0 ring mail
 A - a +0 scale mail
 H - a +4 ring mail
Magical Staves
 p - a staff of poison
Scrolls
 h - 3 scrolls of identify
 w - a scroll of blinking
 B - 3 scrolls of fog
 D - a scroll of enchant weapon {unknown}
 E - a scroll of amnesia {unknown}
 F - a scroll of holy word {unknown}
Potions
 q - a potion of flight
 C - 2 potions of haste


   Skills:
 + Level 3.2 Fighting
 + Level 2.4 Short Blades
 - Level 8.5(8.6) Slings
 * Level 3.1 Crossbows
 + Level 1.5(4.7) Throwing
 + Level 3.7 Armour
 + Level 3.5 Dodging
 * Level 6.1 Stealth


You had 7 spell levels left.
You didn't know any spells.
Your spell library contained the following spells:

 Spells                   Type           Power      Damage    Failure   Level
 Animate Skeleton         Necr           0%         N/A       30%         1
 Apportation              Tloc           0%         N/A       30%         1
 Pain                     Necr           0%         1d4       30%         1
 Summon Small Mammal      Summ           0%         N/A       30%         1
 Stone Arrow              Conj/Erth      0%         3d7       67%         3
 Vampiric Draining        Necr           0%         2d6       67%         3
 Iskenderun's Mystic Bla  Conj/Tloc      0%         2d3       97%         4
 Bolt of Magma            Conj/Fire/Erth 0%         4d4       100%        5
 Manifold Assault         Tloc           0%         N/A       100%        5
 Shatter                  Erth           0%         3d5*      100%        9


Dungeon Overview and Level Annotations

Branches:
Dungeon (9/15)             Temple (1/1) D:6             Orc (0/2) D:9
   Lair: D:8-11

Altars:
Ashenzari
Cheibriados
Elyvilon
Fedhas
Hepliaklqana
Kikubaaqudgha
Makhleb
Nemelex Xobeh
Okawaru
Qazlal
Ru
Sif Muna
Trog
Uskayaw
Xom
Zin
The Shining One

Shops:
D:5 [


Innate Abilities, Weirdness & Mutations

You are resistant to damage.
You can heal yourself by infusing magical energy.
You passively map a small area around you.
You do not regenerate.
You are partially covered in iridescent scales. (AC +2)
Your body sometimes deteriorates upon taking damage.
Your spells are a little easier to cast, but a little less powerful.


Message History

Your Crossbows skill increases to level 3!
The wight throws a poisoned dart.
The poisoned dart closely misses you.
The wight throws a poisoned dart.
The poisoned dart hits you.
You are poisoned.
Your magical essence is drained by the effort!
You feel much better.
You don't know any spells.
You are no longer poisoned.
The wight zaps a wand.
The mass of ice explodes!
The iceblast engulfs you!
* * * LOW HITPOINT WARNING * * *
You hear a shout! x4
Fire: 38 bolts
Press: ? - help, Q - select action, (/) - cycle Shift-Dir - straight line, f - wight
Aim: a wight, wielding a +0 short sword, wearing a +0 robe, quivering poisoned darts and carrying a wand of iceblast (4) (70% to hit)
You shoot a bolt. The bolt closely misses the wight.
The wight zaps a wand.
The mass of ice explodes!
The iceblast engulfs you!
* * * LOW HITPOINT WARNING * * *
Your body deteriorates!
You feel dopey.
The wight zaps a wand.
The mass of ice explodes!
The iceblast engulfs you!
* * * LOW HITPOINT WARNING * * *
You hear a shout!
The wight throws a poisoned dart.
The poisoned dart hits you!
You are poisoned.
You feel much better.
You are no longer poisoned.
The wight throws a poisoned dart.
The poisoned dart barely misses you.
A centaur comes into view.
The centaur wields a +0 shortbow.
The centaur shoots an arrow.
The arrow barely misses you.
The centaur shoots an arrow.
The arrow closely misses you.
The centaur shoots an arrow.
The arrow hits you but does no damage.
Found a robe.
The centaur shoots an arrow.
The arrow hits you.
* * * LOW HITPOINT WARNING * * *
The centaur shoots an arrow.
The arrow hits you!
* * * LOW HITPOINT WARNING * * *
The centaur shoots an arrow.
The arrow barely misses you.
The centaur shoots an arrow.
The arrow hits you!
* * * LOW HITPOINT WARNING * * *
The centaur shoots an arrow.
The arrow hits you!
You die...

###.######..## #.
##..#####.....### ,
##..###.........c##
####..###............##
,
.....##...............##
, ,
###.....................
*
##.......z...........[.
##......................
* ,
................@.......
*
........................
*
........................
...#######..............
,* ...# #.............#
, * .###
,#...........### ## * ,
#........#### .#
.#....##### * , .# * ..


You could see a centaur and a wight.

Vanquished Creatures
  A wyvern (D:9)
  Eustachio (D:4)
  A water moccasin (D:5)
  An orc warrior (D:4)
  An ice beast (D:5)
  A black bear (D:4)
  A centaur (D:9)
  Blork the orc (D:4)
  A scorpion (D:4)
  3 wights (D:9)
  3 hounds
  An orc priest (D:3)
  A centaur skeleton (D:4)
  A bullfrog skeleton (D:6)
  Natasha (twice) (D:3 D:2)
  Terence (D:2)
  4 orc wizards
  A hound skeleton (D:4)
  2 howler monkey zombies
  3 gnolls (D:5)
  8 adders
  2 white imps
  An adder skeleton (D:4)
  4 dart slugs
  11 orcs
  3 ball pythons
  9 bats
  5 endoplasms
  4 giant cockroaches
  5 goblins
  10 hobgoblins
  10 jackals
  3 quokkas
  4 frilled lizards
  5 kobolds
  7 rats
122 creatures vanquished.

Notes
Turn   | Place    | Note
-------+----------+-------------------------------------------
     0 | D:1      | Backf1st the Deep Dwarf Hunter began the quest for the Orb.
     0 | D:1      | Reached XP level 1. HP: 19/19 MP: 1/1
   142 | D:1      | Reached XP level 2. HP: 26/26 MP: 2/2
   155 | D:1      | Reached skill level 5 in Slings
   653 | D:1      | Reached XP level 3. HP: 32/32 MP: 3/3
   846 | D:2      | You fall into a shaft and drop 2 floors!
   866 | D:3      | Noticed Terence
   866 | D:3      | Noticed Natasha
   957 | D:2      | Found a faded altar of an unknown god.
  1130 | D:2      | Reached XP level 4. HP: 34/39 MP: 4/4
  1399 | D:2      | Killed Terence
  1400 | D:2      | Reached skill level 6 in Slings
  1773 | D:3      | Killed Natasha
  1784 | D:3      | Found a broken altar of Ashenzari.
  1804 | D:3      | Noticed Natasha
  1832 | D:2      | Killed Natasha
  1833 | D:2      | Reached XP level 5. HP: 38/45 MP: 5/5
  1938 | D:3      | Got the Reference Book on Displaced Creation
  2211 | D:3      | Reached skill level 1 in Armour
  2407 | D:4      | Noticed a black bear
  2420 | D:4      | Killed a black bear
  2421 | D:4      | Reached skill level 1 in Short Blades
  2421 | D:4      | Reached skill level 7 in Slings
  2421 | D:4      | Reached XP level 6. HP: 40/52 MP: 4/4
  2526 | D:4      | Noticed Eustachio
  2559 | D:4      | Killed Eustachio
  2560 | D:4      | Reached XP level 7. HP: 25/61 MP: 5/5
  2662 | D:4      | Noticed Blork the orc
  2670 | D:4      | Killed Blork the orc
  2968 | D:4      | Gained mutation: Your body sometimes deteriorates upon
                  | taking damage. [potion of mutation]
  2968 | D:4      | Gained mutation: Your spells are a little easier to cast,
                  | but a little less powerful. [potion of mutation]
  2968 | D:4      | Gained mutation: You are partially covered in iridescent
                  | scales. (AC +2) [potion of mutation]
  3066 | D:4      | HP: 1/61 [orc warrior (3)]
  3468 | D:4      | Reached skill level 1 in Throwing
  3589 | D:5      | Entered Level 5 of the Dungeon
  3707 | D:5      | Reached skill level 8 in Slings
  3707 | D:5      | Reached skill level 5 in Stealth
  3806 | D:5      | Reached XP level 8. HP: 30/68 MP: 4/4
  3866 | D:5      | Found Harym's Antique Armour Shop.
  3895 | D:5      | Identified the +9 arbalest "Duguvoc" {venom, *Slow rElec
                  | rF+}
  4418 | D:6      | Found a staircase to the Ecumenical Temple.
  4427 | Temple   | Entered the Ecumenical Temple
  4600 | Temple   | Became a worshipper of Elyvilon the Healer
  4748 | D:6      | You fall into a shaft and drop 3 floors!
  7512 | D:9      | Reached skill level 1 in Crossbows
  7613 | D:9      | Found a staircase to the Orcish Mines.
  7668 | D:9      | HP: 3/69 [wight/iceblast (9)]
  7697 | D:9      | HP: 2/69 [centaur/arrow (11)]
  7698 | D:9      | Shot with an arrow by a centaur

Illustrated notes

Levels and vault maps discovered:
D:1:      elethiomel_arrival_maze, layout_rooms
D:2:      layout_basic, shapermc_ecumenical_altar_starsandcircs
D:3:      layout_basic, ashenzari_conservatory_becter, minmay_goblin_outpost,
          uniq_terence, uniq_natasha
D:4:      layout_basic, uniq_blork_the_orc, uniq_eustachio
D:5:      layout_rooms, serial_shops, shop, interstate_on_off,
          minmay_misc_feat_alley, kennysheep_generic_room_4
D:6:      layout_rooms, minmay_temple_entry_drinking_statues,
          nicolae_shop_sticking_my_neck_out
D:9:      layout_cave_pods, minmay_orc_entry_temple_small
Temple:   eino_temple_rhombus

Skill      XL: |  1  2  3  4  5  6  7  8 |
---------------+-------------------------+-----
Slings         | 5 6 7 8 |  8.5
Stealth        | 2 3 4 5 6 |  6.1
Fighting       | 2 3 |  3.2
Armour         | 1 2 3 |  3.7
Short Blades   | 1 2 |  2.4
Dodging        | 3 |  3.5
Throwing       | 1 |  1.5
Crossbows      | 3 |  3.1

Action                   |  1- 3 |  4- 6 |  7- 9 || total
-------------------------+-------+-------+-------++-------
Melee: Dagger            |       |   122 |   108 ||   230
 Fire: Hunting sling     |    90 |    19 |    44 ||   153
       Arbalest          |       |       |    37 ||    37
Throw: Dart              |       |    11 |     2 ||    13
       Javelin           |       |     2 |     4 ||     6
 Abil: Heal Wounds       |       |     4 |     6 ||    10
  Use: Scroll            |       |     4 |     1 ||     5
       Potion            |       |     1 |     6 ||     7
 Stab: Sleeping          |       |     4 |     1 ||     5
       Invisible         |       |     2 |     1 ||     3
Armor: Leather armour    |     6 |    33 |    24 ||    63
       Chain mail        |       |       |    46 ||    46
       Skin              |       |       |     1 ||     1
Dodge: Dodged            |    21 |    93 |    60 ||   174
